 Dungeon Crawl Stone Soup version 0.30.0-16-gbe6223bb7e (webtiles) character file.

Game seed: 12964580284898198304

1075 Kenran the Carver (level 8, 0/69 HPs)
             Began as a Gargoyle Berserker on May 20, 2023.
             Was a Believer of Trog.
             Slain by an ogre
             ... wielding a +0 giant club
              (17 damage)
             ... on level 5 of the Dungeon.
             The game lasted 00:07:55 (4443 turns).

Kenran the Carver (Gargoyle Berserker)              Turns: 4443, Time: 00:07:55

Health: 0/69       AC: 14    Str: 22    XL:     8   Next: 29%
Magic:  8/8        EV: 11    Int:  7    God:    Trog [**....]
Gold:   213        SH:  0    Dex: 11    Spells: 7/7 levels left

rFire   . . .        v - +0 great sword
rCold   . . .        (shield currently unavailable)
rNeg    + . .        g - +0 ring mail
rPois   ∞            w - +0 helmet
rElec   +            (no cloak)
rCorr   .            y - +0 pair of gloves
SInv    .            u - +0 pair of boots
Will    +....        (no amulet) Stlth
                     n - ring of willpower
HPRegen 0.31/turn    (no ring)
MPRegen 0.11/turn

%: no passive effects
@: berserking, very quick
A: sickness immunity, AC +5, negative energy resistance 1, electricity
resistance, torment resistance 1, petrification resistance
a: Renounce Religion, Berserk, Trog's Hand


You were on level 5 of the Dungeon.
You worshipped Trog.
Trog was pleased with you.
You visited 1 branch of the dungeon, and saw 5 of its levels.

You collected 213 gold pieces.

Inventory:

Hand Weapons
 a - a +0 falchion
 k - a +3 triple sword of electrocution
 v - a +0 great sword (weapon)
Armour
 b - +0 fire dragon scales
 g - a +0 ring mail (worn)
 u - a +0 pair of boots (worn)
 w - a +0 helmet (worn)
 y - a +0 pair of gloves (worn)
Jewellery
 n - a ring of willpower (left hand)
Wands
 h - a wand of acid (8)
 q - a wand of digging (1)
Scrolls
 c - 2 scrolls of teleportation
 d - a scroll of enchant weapon
 f - 2 scrolls of poison
 l - 3 scrolls of enchant armour
 m - a scroll of vulnerability {!r}
 o - a scroll of blinking {unknown}
 p - 2 scrolls of fog {unknown}
 x - a scroll of fear {unknown}
Potions
 e - a potion of berserk rage {!q}
 i - a potion of resistance {unknown}
 j - a potion of lignification {unknown}
 r - a potion of heal wounds {unknown}
 t - a potion of invisibility {unknown}


   Skills:
 - Level 3.2 Fighting
 + Level 9.1 Long Blades
 - Level 2.1 Armour
 - Level 1.5 Dodging


You had 7 spell levels left.
You didn't know any spells.
Your spell library was empty.

Dungeon Overview and Level Annotations

Branches:
Dungeon (5/15)
 Temple: D:4-7

Altars:

Annotations:
D:4 1 runed translucent door, ohados's ghost, novice HuEE


Innate Abilities, Weirdness & Mutations

You are immune to sickness and miasma.
Your stone body is resilient. (AC +5)
You are immune to poison.
You resist negative energy. (rN+)
You are resistant to electric shocks. (rElec)
You are resistant to unholy torment.
You are immune to petrification.


Message History

The bullfrog zombie barely misses you. The bullfrog zombie closely misses you.
You hit the bullfrog zombie.
The bullfrog zombie is almost destroyed.
The bullfrog zombie hits you.
You are too injured to fight recklessly!
You are too injured to fight recklessly!
You are too injured to fight recklessly!
You are too injured to fight recklessly!
You slice the bullfrog zombie!!
You destroy the bullfrog zombie!
Trog accepts your kill.
f - 2 scrolls of poison (gained 1)
You start resting.
HP restored.
You see here a +0 pair of gloves.
y - a +0 pair of gloves You start putting on your armour.
You continue putting on your +0 pair of gloves. x4
You finish putting on your +0 pair of gloves.
z - a scroll of identify {@r1}
As you read the scroll of identify {@r1}, it crumbles to dust.
s - 2 potions of degeneration You drop 2 potions of degeneration {!q}.
There is a stone staircase leading up here.
An ogre comes into view. It is wielding a +0 giant club.
The ogre shouts!
Found 12 gold pieces.
You barely miss the ogre. The ogre barely misses you.
You barely miss the ogre. The ogre closely misses you.
You barely miss the ogre. You closely miss the ogre.
The ogre hits you with a +0 giant club!!
You slice the ogre!!
The ogre is severely wounded.
The ogre hits you with a +0 giant club!
* * * LOW HITPOINT WARNING * * *
A red film seems to cover your vision as you go berserk!
You feel yourself moving faster!
You feel mighty! The ogre hits you with a +0 giant club!
You die...

## .$ #.##.. ## #......
#.. .......
..##.###........
.......?...........
.........O..........
....... #@##....<....
.......##......~....#
#...............~~.##..
............#.~~~~P....
©.............~~~~.#..
# ≣≣≣≣≣....<..~~~~..#
.# ..
≣............##... .
≣.................
≣................#


You could see an ogre.

Vanquished Creatures
  Grinder (D:3)
  Eustachio (D:4)
  Edmund (D:4)
  2 black bears (D:4)
  A scorpion (D:3)
  2 bullfrog zombies (D:5)
  An iguana (D:3)
  Ijyb (D:3)
  2 orc wizards
  Robin (D:4)
  4 gnolls (D:2)
  7 adders
  2 worms
  12 orcs
  7 bats
  4 endoplasms (D:3)
  A giant cockroach (D:1)
  13 goblins
  6 hobgoblins
  5 jackals
  2 quokkas (D:4)
  3 ball pythons
  A frilled lizard (D:2)
  7 kobolds
  2 rats
89 creatures vanquished.

Notes
Turn   | Place    | Note
-------+----------+-------------------------------------------
     0 | D:1      | Kenran the Gargoyle Berserker began the quest for the Orb.
     0 | D:1      | Reached XP level 1. HP: 14/14 MP: 1/1
   119 | D:1      | Reached skill level 3 in Long Blades
   223 | D:1      | Reached XP level 2. HP: 17/19 MP: 2/2
   835 | D:2      | Reached XP level 3. HP: 13/23 MP: 3/3
   915 | D:2      | Reached skill level 4 in Long Blades
  1134 | D:2      | Reached XP level 4. HP: 12/28 MP: 4/4
  2049 | D:3      | Reached skill level 5 in Long Blades
  2102 | D:3      | Reached XP level 5. HP: 26/32 MP: 5/5
  2108 | D:3      | Identified a scroll of acquirement
  2110 | D:3      | Acquired a +3 triple sword of electrocution
  2189 | D:3      | Noticed Ijyb
  2199 | D:3      | Killed Ijyb
  2381 | D:3      | Reached ** piety under Trog
  2710 | D:3      | Reached XP level 6. HP: 37/37 MP: 6/6
  2828 | D:3      | Reached skill level 6 in Long Blades
  2862 | D:3      | Noticed Grinder
  2903 | D:3      | Paralysed by Grinder for 4 turns
  2933 | D:3      | Killed Grinder
  3267 | D:4      | Noticed Eustachio
  3290 | D:3      | Reached skill level 7 in Long Blades
  3290 | D:3      | Reached XP level 7. HP: 24/41 MP: 7/7
  3356 | D:4      | Noticed Robin
  3431 | D:4      | Killed Robin
  3559 | D:4      | Noticed ohados's ghost (novice HuEE)
  3560 | D:4      | Found a runed translucent door.
  3859 | D:4      | Killed Eustachio
  3860 | D:4      | Reached skill level 8 in Long Blades
  4047 | D:4      | Noticed Edmund
  4057 | D:4      | Killed Edmund
  4058 | D:4      | Reached XP level 8. HP: 42/46 MP: 8/8
  4214 | D:5      | Entered Level 5 of the Dungeon
  4226 | D:4      | Reached skill level 9 in Long Blades
  4443 | D:5      | Slain by an ogre

Illustrated notes

Levels and vault maps discovered:
D:1:      minmay_arrival_hallway, layout_loops_ring, minmay_tromino_i2
D:2:      layout_basic
D:3:      layout_loops_ring, kennysheep_nub, minmay_parallelograms,
          minmay_misc_feat_four_crosses, uniq_grinder, uniq_ijyb
D:4:      layout_rooms, hellmonk_ghost_happy_afterlife, minmay_misc_feat_iff,
          uniq_eustachio, uniq_edmund, uniq_robin
D:5:      layout_cave_pools, temple_green, serial_undead, serial_undead_c,
          serial_undead_a, serial_undead_f, serial_undead_e, serial_shops, shop,
          gammafunk_ghost_mausoleum, minivault_11

Skill      XL: |  1  2  3  4  5  6  7  8 |
---------------+-------------------------+-----
Long Blades    | 3 4 5 7 8 9 |  9.1
Fighting       | |  3.2
Armour         | |  2.1
Dodging        | |  1.5

Action                     |  1- 3 |  4- 6 |  7- 9 || total
---------------------------+-------+-------+-------++-------
  Melee: Falchion          |   105 |   231 |    76 ||   412
         Punch             |     1 |     1 |     1 ||     3
         Great sword       |       |       |    73 ||    73
 Invoke: Berserk           |     1 |     2 |     3 ||     6
    Use: Scroll            |     3 |     4 |     3 ||    10
         Potion            |       |     3 |       ||     3
 Armour: Animal skin       |    40 |     2 |       ||    42
         Ring mail         |       |   117 |   118 ||   235
  Dodge: Dodged            |    65 |   157 |   137 ||   359
